 Dungeon Crawl Stone Soup version 0.31.0-1-g2c135a0 (webtiles) character file.

Game seed: 2365955393444802617

68 Jospehas the Magician (level 4, 0/31 HPs)
             Began as a Djinni Fire Elementalist on Feb 3, 2024.
             Slain by an adder (4 damage)
             ... on level 2 of the Dungeon.
             The game lasted 00:07:30 (1182 turns).

Jospehas the Magician (Djinni Fire Elementalist)    Turns: 1182, Time: 00:07:31

Health: 0/31       AC:  2    Str:  7    XL:     4   Next: 41%
Gold:   54         EV: 13    Int: 18    God:
                   SH:  0    Dex: 14

rFire   + + .        (no weapon)
rCold   x . .        (no shield)
rNeg    . . .        a - +0 robe
rPois   ∞            (no helmet)
rElec   .            (no cloak)
rCorr   .            (no gloves)
SInv    .            (boots unavailable)
Will    .....        (no amulet)
Stlth   ++           (no ring)
HPRegen 0.25/turn    (no ring)
MPRegen 0.00/turn

%: infuse magic (-1 HP)
@: flying
A: sickness immunity, fire resistance 2, cold vulnerability 1, float, innate
caster, HP casting, extra vitality 1
a: no special abilities


You were on level 2 of the Dungeon.
You visited 1 branch of the dungeon, and saw 2 of its levels.

You collected 54 gold pieces.

Inventory:

Armour
 a - a +0 robe (worn)
Scrolls
 c - a scroll of teleportation {unknown}
 d - a scroll of immolation {unknown}
 e - a scroll of enchant weapon {unknown}
 f - a scroll of torment {unknown}
 j - 3 scrolls of identify {unknown}
 k - a scroll of fog {unknown}
Potions
 b - a potion of enlightenment {unknown}
 g - 2 potions of curing {unknown}
 i - a potion of resistance {unknown}


   Skills:
 + Level 3.3 Dodging
 + Level 2.5 Stealth
 + Level 0.4 Unarmed Combat
 + Level 3.4 Spellcasting
 + Level 3.4 Conjurations
 + Level 3.4 Hexes
 + Level 3.4 Summonings
 + Level 3.4 Necromancy
 + Level 3.4 Translocations
 + Level 3.4 Fire Magic
 + Level 3.4 Ice Magic
 + Level 3.4 Air Magic
 + Level 3.4 Earth Magic
 + Level 3.4 Alchemy


You knew the following spells:

 Your Spells              Type           Power      Damage    Failure   Level
a - Foxfire               Conj/Fire      60%        2x1d7     3%          1
b - Scorch                Fire           30%        2d6       6%          2
c - Volatile Blastmotes   Fire/Tloc      30%        2d12      12%         3
d - Inner Flame           Hex/Fire       15%        N/A       12%         3
e - Flame Wave            Conj/Fire      15%        2d7       36%         4
f - Freeze                Ice            60%        1d7       3%          1
Your spell library was empty.

Dungeon Overview and Level Annotations

Branches:
Dungeon (2/15)

Altars:


Innate Abilities, Weirdness & Mutations

You are immune to sickness and miasma.
You are immune to poison.
Your flesh is very heat resistant. (rF++)
You are vulnerable to cold. (rC-)
You float through the air rather than walking.
You learn spells naturally, not from books.
Your magical power is your life essence.
You have superior vitality. (+4 MHP)


Message History

The adder bites you.
* * * LOW HITPOINT WARNING * * *
The ball python closely misses you. The ball python misses you.
The adder closely misses you.
Your magical contamination has completely faded away.
Throw: 2 darts (disperse)
Press: ? - help, Q - select action, (/) - cycle Shift-Dir - straight line, f/p - adder
Aim: an adder (lightly wounded, 32% to hit)
You throw a dart of dispersal. The dart of dispersal misses the adder.
The ball python barely misses you. The ball python closely misses you.
The adder completely misses you.
Throw: dart (disperse)
Press: ? - help, Q - select action, (/) - cycle Shift-Dir - straight line, f/p - adder
Aim: an adder (lightly wounded, 32% to hit)
You throw a dart of dispersal. The dart of dispersal hits the adder.
The adder blinks!
The adder is lightly wounded.
The ball python bites you.
* * * LOW HITPOINT WARNING * * *
The ball python grabs you. The ball python constricts you.
The ball python bites you.
* * * LOW HITPOINT WARNING * * *
The ball python constricts you.
You need no library to learn spells.
Casting: Foxfire (safe; 3% risk of failure)
Confirm with . or Enter, or press ? or * to list all spells.
You don't have enough health to cast this spell.
You escape the ball python's grasp.
The adder misses you. The adder closely misses you.
The adder attacks as it pursues you! The adder bites you but does no damage.
The adder misses you. The adder misses you.
The ball python attacks as it pursues you!
The ball python closely misses you. x2; The adder attacks as it pursues you!
The adder misses you. The ball python closely misses you. x2
You see here a +0 robe.
The adder barely misses you. The adder completely misses you.
The adder attacks as it pursues you! The adder bites you.
You die...

#..............# .
#.############.# .#
#.# #.# # #.# #.# #.#
#.# #.# #.# #.# #.#
#.# #.# #@# #.# #S#
#.# #.# ##########.#
#S# #<.........###
#####.##########..)...
#...[........)........
#.....##########......
#.....# #......
#.....# #......


You could see an adder and a ball python.

Vanquished Creatures
  2 adders (D:2)
  A dart slug (D:2)
  A ribbon worm (D:2)
  7 bats
  2 endoplasms (D:2)
  2 giant cockroaches
  4 goblins
  7 hobgoblins
  3 quokkas
  6 ball pythons (D:2)
  3 frilled lizards
  6 kobolds
  3 rats
47 creatures vanquished.

Vanquished Creatures (others)
  94 foxfires
94 creatures vanquished.

Grand Total: 141 creatures vanquished

Notes
Turn   | Place    | Note
-------+----------+-------------------------------------------
     0 | D:1      | Jospehas the Djinni Fire Elementalist began the quest for
                  | the Orb.
     0 | D:1      | Jospehas set off with the following spells memorised:
                  | Foxfire, Scorch, Volatile Blastmotes, Inner Flame, Flame
                  | Wave.
     0 | D:1      | Reached XP level 1. HP: 15/15 MP: 0/0
   237 | D:1      | Reached XP level 2. HP: 18/21 MP: 0/0
   808 | D:2      | Reached XP level 3. HP: 24/25 MP: 0/0
   808 | D:2      | Learned a level 1 spell: Freeze
  1143 | D:2      | Found a faded altar of an unknown god.
  1152 | D:2      | Reached XP level 4. HP: 20/31 MP: 0/0
  1171 | D:2      | HP: 1/31 [ball python (1)]
  1182 | D:2      | Slain by an adder

Illustrated notes

Levels and vault maps discovered:
D:1:      beargit_arrival_diablo_church, layout_rooms
D:2:      layout_basic, nicolae_ecumenical_snake_handling

Skill      XL: |  1  2  3 |
---------------+----------+-----
Stealth        | 2 |  2.5
Dodging        | 3 |  3.3
Unarmed Combat | |  0.4
Spellcasting   | |  3.4
Conjurations   | |  3.4
Hexes          | |  3.4
Summonings     | |  3.4
Necromancy     | |  3.4
Translocations | |  3.4
Fire Magic     | |  3.4
Ice Magic      | |  3.4
Air Magic      | |  3.4
Earth Magic    | |  3.4
Alchemy        | |  3.4

Action                     |  1- 3 |  4- 6 || total
---------------------------+-------+-------++-------
  Melee: Unarmed           |     5 |       ||     5
  Throw: Dart              |       |     3 ||     3
   Cast: Foxfire           |    72 |     1 ||    73
         Scorch            |     7 |     9 ||    16
   Stab: Sleeping          |     1 |       ||     1
 Armour: Robe              |    16 |     6 ||    22
  Dodge: Dodged            |    41 |    24 ||    65
